 Dungeon Crawl Stone Soup version 0.29.1-13-g9f3cf754e1 (webtiles) character file.

Game seed: 16159111004149918017

109 javelincjr the Magician (level 5, 0/35 HPs)
             Began as a Djinni Hedge Wizard on Feb 7, 2023.
             Slain by Robin
             ... wielding a +0 rapier
              (6 damage)
             ... on level 3 of the Dungeon.
             The game lasted 00:08:27 (3609 turns).

javelincjr the Magician (Djinni Hedge Wizard)       Turns: 3609, Time: 00:08:28

Health: 0/35       AC:  3    Str:  9    XL:     5   Next: 13%
Gold:   116        EV: 12    Int: 18    God:
                   SH:  0    Dex: 12

rFire   + + .      SeeInvis .   a - +0 dagger
rCold   x . .      Faith    .   (no shield)
rNeg    . . .      Spirit   .   b - +0 robe
rPois   ∞          Reflect  .   c - +0 hat
rElec   .          Harm     .   (no cloak)
rCorr   +          Rampage  .   j - +0 pair of gloves
Will    .....                   (boots unavailable)
Stlth   ++........              (no amulet)
HPRegen 0.11/turn               e - ring of resist corrosion
MPRegen 0.00/turn               (no ring)

@: flying, hasted, very quick
A: sickness immunity, fire resistance 2, cold vulnerability 1, float, innate
caster, HP casting, extra vitality 1
a: no special abilities


You were on level 3 of the Dungeon.
You visited 1 branch of the dungeon, and saw 3 of its levels.

You collected 116 gold pieces.

Inventory:

Hand Weapons
 a - a +0 dagger (weapon)
Missiles
 d - 31 stones
 k - 4 boomerangs
Armour
 b - a +0 robe (worn)
 c - a +0 hat (worn)
 j - a +0 pair of gloves (worn)
Jewellery
 e - a ring of resist corrosion (left hand)
Scrolls
 f - a scroll of amnesia {unknown}
 h - a scroll of vulnerability {unknown}
 i - 6 scrolls of identify {unknown}
 o - a scroll of enchant armour {unknown}
 p - a scroll of noise {unknown}
 r - a scroll of teleportation {unknown}
Potions
 l - a potion of might {unknown}
 m - a potion of lignification {unknown}
 n - a potion of resistance {unknown}
 q - a potion of berserk rage {unknown}


   Skills:
 + Level 0.3 Fighting
 + Level 0.1 Short Blades
 + Level 2.6 Dodging
 + Level 2.1 Stealth
 + Level 3.8 Spellcasting


You couldn't memorise any spells.
You knew the following spells:

 Your Spells              Type           Power      Damage    Failure   Level
a - Magic Dart            Conj           68%        1d6       3%          1
b - Blink                 Tloc           34%        N/A       4%          2
c - Call Imp              Summ           17%        N/A       4%          2
d - Slow                  Hex            68%        N/A       3%          1
e - Conjure Flame         Conj/Fire      17%        6-21      10%         3
f - Mephitic Cloud        Conj/Pois/Air  17%        N/A       10%         3
g - Foxfire               Conj/Fire      68%        2x1d7     3%          1
h - Scorch                Fire           34%        2d7       4%          2
Your spell library was empty.

Dungeon Overview and Level Annotations

Branches:
Dungeon (3/15)

Altars:

Shops:
D:1 (

Annotations:
D:3 Robin


Innate Abilities, Weirdness & Mutations

You are immune to sickness and miasma.
You are immune to poison.
Your flesh is very heat resistant. (rF++)
You are vulnerable to cold. (rC-)
You float through the air rather than walking.
You learn spells naturally, not from books.
Your magical power is your life essence.
You have superior vitality. (+4 MHP)


Message History

The goblin hits you with a +2 dagger of freezing.
The goblin freezes you.
The goblin no longer looks unusually strong.
The foxfire hits the goblin.
The goblin is almost dead.
The foxfire hits the goblin.
You kill the goblin!
The foxfire hits the goblin.
You kill the goblin!
You are too injured to fight recklessly!
Casting: Foxfire (safe; 3% risk of failure)
Confirm with . or Enter, or press ? or * to list all spells.
Flames lash Robin.
Robin is moderately wounded.
Robin's fire resistance burns away.
You hear a shout! x3
Your foxfire dissipates!
Casting: Scorch (safe; 4% risk of failure)
Confirm with . or Enter, or press ? or * to list all spells.
You conjure some foxfire!
Robin closely misses you.
A goblin comes into view. It is wielding a +0 dagger.
Casting: Foxfire (safe; 3% risk of failure)
Confirm with . or Enter, or press ? or * to list all spells.
You conjure some foxfire!
The foxfire hits Robin but does no damage.
Robin is moderately wounded.
The foxfire hits Robin.
Robin is moderately wounded.
Robin hits you with a +0 rapier.
* * * LOW HITPOINT WARNING * * *
Robin attacks as you move away! Robin hits you with a +0 rapier.
* * * LOW HITPOINT WARNING * * *
The foxfire hits the goblin.
You kill the goblin!
Robin flexes a bicep menacingly.
Robin flexes a bicep menacingly.
Sorry, you're not good enough to have a special ability.
It was a potion of haste.
You feel yourself speed up. Robin hits you with a +0 rapier.
You die...

.....
##..#.........[.####
#...
##...##.....##.# #.§
###..#....#..# .#
.g. #..).#÷..##....
# ...gg####.##.v..##
.##..
.!.g...g.g.#.§..# ..
#...
....######.#)#.## ..
#). . ##)#g## #.. ##
#.###@# ## #.## #.#
#.# #.# ##


You could see Robin.

Vanquished Creatures
  3 adders (D:2)
  A worm (D:2)
  2 dart slugs (D:2)
  2 orcs (D:3)
  3 bats
  6 endoplasms
  A giant cockroach (D:3)
  9 goblins
  10 hobgoblins
  5 jackals (D:1)
  5 kobolds
  A quokka (D:1)
  10 ball pythons
  3 frilled lizards
  5 rats
66 creatures vanquished.

Vanquished Creatures (others)
  153 foxfires
153 creatures vanquished.

Grand Total: 219 creatures vanquished

Notes
Turn   | Place    | Note
-------+----------+-------------------------------------------
     0 | D:1      | javelincjr the Djinni Hedge Wizard began the quest for the
                  | Orb.
     0 | D:1      | javelincjr set off with the following spells memorised:
                  | Magic Dart, Blink, Call Imp, Slow, Conjure Flame, Mephitic
                  | Cloud.
     0 | D:1      | Reached XP level 1. HP: 15/15 MP: 0/0
   631 | D:1      | Reached XP level 2. HP: 17/21 MP: 0/0
   843 | D:1      | Reached skill level 3 in Spellcasting
  1012 | D:1      | Reached XP level 3. HP: 21/25 MP: 0/0
  1012 | D:1      | Learned a level 1 spell: Foxfire
  1138 | D:1      | Found Josk's Weapon Shop.
  2406 | D:2      | Reached XP level 4. HP: 29/31 MP: 0/0
  3495 | D:3      | Reached XP level 5. HP: 31/35 MP: 0/0
  3495 | D:3      | Learned a level 2 spell: Scorch
  3581 | D:3      | Noticed Robin
  3609 | D:3      | Slain by Robin

Illustrated notes

Levels and vault maps discovered:
D:1:      evilmike_arrival_fibonacci_small, layout_loops_corners, serial_shops,
          nicolae_shop_behind_doors, minivault_5, minmay_pentomino_r4
D:2:      layout_basic, amcnicky_mini_corridor_feature,
          kennysheep_generic_room_8
D:3:      layout_rooms, roderic_roman_lattice, uniq_robin

Skill      XL: |  1  2  3  4 |
---------------+-------------+-----
Spellcasting   | 3 |  3.8
Stealth        | 2 |  2.1
Fighting       | |  0.3
Short Blades   | |  0.1
Dodging        | |  2.6

Action                   |  1- 3 |  4- 6 || total
-------------------------+-------+-------++-------
Melee: Dagger            |    35 |    19 ||    54
       Punch             |     1 |       ||     1
 Cast: Magic Dart        |    39 |       ||    39
       Foxfire           |    28 |    73 ||   101
       Call Imp          |       |     1 ||     1
       Scorch            |       |     1 ||     1
  Use: Potion            |       |     1 ||     1
Armor: Robe              |     9 |     1 ||    10
Dodge: Dodged            |    12 |    17 ||    29
